 Dungeon Crawl Stone Soup version 0.13-a0-2202-g857913d (webtiles) character file.

1283 JacquesDerrida the Carver (level 8, 0/58 HPs)
             Began as a Demonspawn Gladiator on July 2, 2013.
             Was a Believer of Okawaru.
             Slain by a hound (5 damage)
             ... on Level 7 of the Dungeon.
             The game lasted 00:13:00 (4895 turns).

JacquesDerrida the Carver (Demonspawn Gladiator)    Turns: 4895, Time: 00:13:00

HP   0/58        AC 10     Str 15      XL: 8   Next: 16%
MP   7/7         EV 12     Int 12      God: Okawaru [**....]
Gold 131         SH  0     Dex 14      Spells:  0 memorised,  7 levels left

Res.Fire  : . . .   See Invis. : .   o - +0 falchion
Res.Cold  : . . .   Warding    : .   b - +0 leather armour
Life Prot.: . . .   Conserve   : .   (no shield)
Res.Poison: .       Res.Corr.  : .   (helmet restricted)
Res.Elec. : +       Clarity    : .   s - +2 cloak
Sust.Abil.: . .     Spirit.Shd : .   (no gloves)
Res.Mut.  : .       Stasis     : .   (no boots)
Res.Rott. : .       Flight     : .   (no amulet)
Saprovore : . . .                    (no ring)
                                     (no ring)

@: mildly poisoned, hasted, very quick, slightly resistant to hostile
enchantments, unstealthy
A: horns 1, AC +4
a: Heroism, Renounce Religion


You were on level 7 of the Dungeon.
You worshipped Okawaru.
Okawaru was most pleased with you.
You were not hungry.

You visited 1 branch of the dungeon, and saw 7 of its levels.

You collected 111 gold pieces.

Inventory:

Hand weapons
 a - a +0,+0 falchion
 o - a +0,+0 falchion (weapon)
 t - the cursed -5,+0 spear "Diedgh" {flame, *Tele rPois SInv, unknown}
   (You found it on level 6 of the Dungeon)

   It emits flame when wielded, causing extra injury to most foes and up to
   double damage against particularly susceptible opponents.
   It protects you from poison.
   It enhances your eyesight.
   It causes teleportation.
   It has a curse placed upon it.
Missiles
 d - 3 throwing nets (quivered)
 y - a throwing net [torn]
 A - 8 needles of paralysis
Armour
 b - a +0 leather armour (worn)
 c - a +0 helmet
 s - a +2 cloak (worn)
Magical devices
 j - a wand of confusion (5)
 m - a wand of lightning (0)
 q - a wand of flame (11)
 C - a wand of slowing (11) {unknown}
Comestibles
 f - 3 bread rations
Scrolls
 e - a scroll of recharging {unknown}
 g - a scroll of enchant armour {unknown}
 h - a scroll of remove curse {unknown}
 i - a scroll of amnesia {unknown}
 k - 2 scrolls of fear {unknown}
 l - 3 scrolls of identify {unknown}
 p - 2 scrolls of enchant weapon I {unknown}
 v - a scroll of curse armour {unknown}
 w - a scroll of random uselessness {unknown}
Potions
 r - 2 potions of curing


   Skills:
 - Level 2.0 Fighting
 + Level 9.0 Long Blades
 - Level 1.7 Throwing
 - Level 2.6 Dodging


You had 7 spell levels left.
You didn't know any spells.

Dungeon Overview and Level Annotations

Branches:
Dungeon (7/27)
 Temple: D:4-7          Orc: D:6-11

Altars:
Cheibriados
Makhleb
Okawaru
Jiyva


Innate Abilities, Weirdness & Mutations

You have a pair of small horns on your head.
You are completely covered in thin metallic scales (AC +4, rElec).


Message History

* * * LOW HITPOINT WARNING * * *
You feel sick.
Found an escape hatch in the floor.
A hound comes into view.
* * * LOW HITPOINT WARNING * * *
You feel sick.
The hound barks!
* * * LOW HITPOINT WARNING * * *
You feel sick.
Found 15 gold pieces and a scroll labeled YCAEHE QUPSYPN.
A crimson imp and a wight come into view.
The crimson imp blinks!
A wight comes into view. It is wielding a falchion.
You feel like a meek peon again.
* * * LOW HITPOINT WARNING * * *
You feel sick.
The crimson imp shouts!
There is an escape hatch in the floor here.
The hound bites you.
You die...

##. .........
...........
.............
...............
...............
............$..
.................
.....?..@......z..
.........h.5.......
........S...........
...........5...z.z...
########.Oz..........
#.............
#.............
#..J...........
#..............


You could see an ogre, a jelly, a hound, 3 wights, 2 crimson imps and an adder.

Vanquished Creatures
  An ogre (D:5)
  2 sky beasts
  3 phantoms
  An orc warrior (D:6)
  An agate snail (D:3)
  A centaur skeleton (D:4)
  2 crimson imps
  A hound (D:3)
  An orc priest (D:5)
  A scorpion (D:5)
  2 orc wizards
  2 worker ants
  3 gnolls
  10 adders
  A worm (D:5)
  A giant mite (D:4)
  2 bat skeletons (D:4)
  2 giant geckos (D:1)
  6 orcs
  A ball python (D:1)
  7 hobgoblins
  8 jackals (D:1)
  A quokka (D:2)
  5 bats
  A giant gecko skeleton (D:4)
  3 giant newts
  11 goblins
  A hobgoblin zombie (D:6)
  5 kobolds
  A kobold zombie (D:5)
  An orc skeleton (D:6)
  An orc zombie (D:4)
  5 rats
94 creatures vanquished.

Vanquished Creatures (others)
  A goblin (D:6)
  A quokka (D:2)
  A rat (D:2)
3 creatures vanquished.

Grand Total: 97 creatures vanquished

Notes
Turn   | Place    | Note
--------------------------------------------------------------
     0 | D:1      | JacquesDerrida, the Demonspawn Gladiator, began the quest for the Orb.
     0 | D:1      | Reached XP level 1. HP: 17/17 MP: 0/0
   144 | D:1      | Reached skill level 3 in Long Blades
   353 | D:1      | Gained mutation: You are partially covered in thin metallic scales (AC +2). [demonic ancestry]
   353 | D:1      | Reached XP level 2. HP: 13/23 MP: 1/1
  1059 | D:2      | Reached XP level 3. HP: 28/28 MP: 2/2
  1220 | D:2      | Reached skill level 4 in Long Blades
  1423 | D:2      | Found an iron altar of Okawaru.
  1575 | D:2      | Became a worshipper of Warmaster Okawaru
  1655 | D:3      | Found a burning altar of Makhleb.
  1675 | D:3      | Reached XP level 4. HP: 3/35 MP: 3/3
  2246 | D:3      | Reached skill level 5 in Long Blades
  2399 | D:3      | Noticed an agate snail
  2590 | D:3      | Killed an agate snail
  2590 | D:3      | Reached XP level 5. HP: 40/40 MP: 4/4
  2656 | D:3      | Found a snail-covered altar of Cheibriados.
  2897 | D:4      | Reached skill level 6 in Long Blades
  2897 | D:4      | Gained mutation: You have a pair of small horns on your head. [demonic ancestry]
  2897 | D:4      | Reached XP level 6. HP: 37/46 MP: 5/5
  3013 | D:4      | Noticed a phantom
  3076 | D:4      | Killed a phantom
  3076 | D:4      | Acquired Okawaru's first power
  3398 | D:5      | Entered Level 5 of the Dungeon
  3498 | D:5      | Reached skill level 7 in Long Blades
  3810 | D:5      | Gained mutation: You are mostly covered in thin metallic scales (AC +3). [demonic ancestry]
  3810 | D:5      | Reached XP level 7. HP: 37/51 MP: 3/6
  4187 | D:5      | Reached skill level 8 in Long Blades
  4288 | D:6      | HP: 2/51 [orc warrior/orcish war axe (13)]
  4560 | D:6      | Gained mutation: You are completely covered in thin metallic scales (AC +4, rElec). [demonic ancestry]
  4560 | D:6      | Reached XP level 8. HP: 29/58 MP: 7/7
  4724 | D:6      | Found a viscous altar of Jiyva.
  4773 | D:6      | Got a cursed -5,+0 faintly glowing spear {flame}
  4837 | D:7      | Reached skill level 9 in Long Blades
  4895 | D:7      | Slain by a hound

Action                   |  1- 3 |  4- 6 |  7- 9 || total
-------------------------+-------+-------+-------++-------
Melee: Falchion          |   144 |   338 |   145 ||   627
Throw: Throwing net      |       |     1 |       ||     1
Invok: Heroism           |       |     1 |     3 ||     4
Evoke: Wand              |       |     4 |     5 ||     9
  Use: Potion            |       |       |    10 ||    10
 Stab: Sleeping          |       |     1 |       ||     1
       Held in net/web   |       |     1 |       ||     1
       Invisible         |       |       |     7 ||     7
       Confused          |       |       |     3 ||     3
